 Dungeon Crawl Stone Soup version 0.27.1-34-g3ba077fa99 (webtiles) character file.

Game seed: 14660534823243169371

1831 pkoi the Martial Artist (level 8, 0/70 HPs)
             Began as a Yellow Draconian Monk on Jan 15, 2022.
             Succumbed to a kobold brigand's curare-tipped dart
             ... on level 5 of the Dungeon.
             The game lasted 00:15:18 (6961 turns).

pkoi the Martial Artist (Yellow Draconian Monk)     Turns: 6961, Time: 00:15:19

Health: 0/70       AC: 11    Str: 13    XL:     8   Next: 86%
Magic:  1/8        EV: 13    Int: 13    God:
Gold:   250        SH:  0    Dex: 14    Spells: 7/7 levels left

rFire    . . .     SeeInvis .     - Unarmed
rCold    . . .     Faith    .   (no shield)
rNeg     . . .     Spirit   +   (armour unavailable)
rPois    .         Reflect  .   (helmet restricted)
rElec    .         Harm     .   e - +0 cloak
rCorr    +         Rampage  .   (no gloves)
Will     .....                  (no boots)
Stlth    ++........             q - amulet of guardian spirit
HPRegen  0.21/turn              a - ring of resist corrosion
MPRegen  0.11/turn              c - +4 ring of protection

@: lethally poisoned (0 -> -8), short of breath, slowed, very slow
A: spit acid, AC +6, unfitting armour, cold-blooded, acid resistance
a: Breathe Acid


You were on level 5 of the Dungeon.
You visited 2 branches of the dungeon, and saw 7 of its levels.

You collected 250 gold pieces.

Inventory:

Hand Weapons
 b - a +0 dagger of venom
 g - a +3 hand axe of venom
Missiles
 p - 48 poisoned darts (quivered)
 v - a throwing net
Armour
 e - a +0 cloak (worn)
Magical Staves
 k - a staff of poison
Jewellery
 a - a ring of resist corrosion (left hand)
 c - a +4 ring of protection (right hand)
 q - an amulet of guardian spirit (around neck)
Wands
 f - a wand of acid (6)
 s - a wand of flame (20)
 w - a wand of polymorph (9)
Scrolls
 h - a scroll of fog
 l - 3 scrolls of enchant weapon
 r - 2 scrolls of magic mapping
Potions
 d - a potion of mutation {unknown}
 m - 2 potions of curing {unknown}
 n - a potion of invisibility
 o - a potion of attraction {unknown}


   Skills:
 - Level 6.0 Fighting
 - Level 4.0 Dodging
 - Level 1.7 Stealth
 + Level 10.4 Unarmed Combat


You had 7 spell levels left.
You didn't know any spells.
Your spell library contained the following spells:

 Spells                   Type           Power      Damage    Failure   Level
 Animate Skeleton         Necr           0%         N/A       30%         1
 Pain                     Necr           0%         1d4       30%         1
 Dazzling Flash           Conj/Hex       0%         N/A       67%         3
 Vampiric Draining        Necr           0%         2d6       67%         3
 Iskenderun's Mystic Bla  Conj/Tloc      0%         2d3       97%         4
 Summon Forest            Summ/Tloc      0%         N/A       100%        5
 Eringya's Noxious Bog    Tmut/Pois      0%         N/A       100%        6
 Starburst                Conj/Fire      0%         6d3       100%        6
 Summon Hydra             Summ           0%         N/A       100%        7


Dungeon Overview and Level Annotations

Branches:
Dungeon (6/15)             Temple (1/1) D:6

Altars:
Dithmenos
Elyvilon
Gozag
Kikubaaqudgha
Makhleb
Qazlal
Vehumet
Xom
Yredelemnul
Zin
Lugonu

Annotations:
D:1 Terence
D:6 1 runed translucent door
Temple Prince Ribbit


Innate Abilities, Weirdness & Mutations

You can spit globs of acid.
Your golden yellow scales are hard. (AC +6)
You cannot fit into any form of body armour.
You are cold-blooded and may be slowed by cold attacks.
You are resistant to acid. (rCorr)


Message History

* * * LOW HITPOINT WARNING * * *
Unknown command.
You punch Prince Ribbit!
Prince Ribbit is severely wounded.
Prince Ribbit barely misses you.
Unknown command.
You miss Prince Ribbit.
Prince Ribbit is severely wounded.
Prince Ribbit hits you but does no damage.
Prince Ribbit blinks!
Unknown command.
You climb upwards.
Welcome back to the Dungeon!
Level annotation: 1 runed translucent door The kobold barely misses you.
The orc barely misses you.
The kobold hits you with a +0 short sword.
* * * LOW HITPOINT WARNING * * *
The orc barely misses you.
There is a staircase to the Ecumenical Temple, spattered with blood here.
You hit the orc.
The orc is lightly wounded.
Unknown command.
The orc hits you with a +0 war axe.
* * * LOW HITPOINT WARNING * * *
The kobold hits you but does no damage. The orc hits you but does no damage.
The kobold throws a stone.
The stone closely misses you.
A kobold comes into view. It is wielding a +0 whip.
The kobold brigand throws a curare-tipped dart.
The curare-tipped dart hits you.
You are poisoned.
You have difficulty breathing.
* * * LOW HITPOINT WARNING * * *
You feel yourself slow down.
The kobold throws a stone.
The stone misses you.
There is an escape hatch in the ceiling here.
* * * LOW HITPOINT WARNING * * *
You feel very sick. The orc barely misses you.
The orc hits you with a +0 war axe.
* * * LOW HITPOINT WARNING * * *
A mysterious force pulls you upwards. The hatch slams shut behind you.
You die...

#.........................#
#####.########...............#
........................>....#
###.........##...............#
............##...............#
............##...............#
............##...............#
............##..o............#
..<.......[.##..@............#
.............................#
..#.............#+#....(.....#
..#.............#.#(.........#
................#'#..........#
........#....................#
........#....................#
..#.................#...######
....................#...#


You could see an orc.

Vanquished Creatures
  A komodo dragon (D:6)
  Edmund (D:6)
  Duvessa (D:6)
  An orc warrior (Temple)
  A necrophage (D:3)
  3 ice beasts
  A wyvern zombie (D:4)
  A scorpion (D:6)
  Dowan (D:6)
  A water moccasin skeleton (D:4)
  2 hounds (D:5)
  A centaur skeleton (D:5)
  An orc priest (Temple)
  2 bullfrog skeletons
  A gnoll shaman (D:4)
  4 iguanas
  4 orc wizards
  Robin (D:4)
  7 gnolls
  5 adders
  A white imp (D:5)
  An ufetubus (D:6)
  An adder skeleton (D:4)
  2 worms (D:5)
  6 dart slugs
  21 orcs
  8 bats
  7 endoplasms
  3 giant cockroaches (D:1)
  14 goblins
  13 hobgoblins
  A quokka (D:2)
  9 ball pythons
  5 frilled lizards
  9 kobolds
  4 rats
145 creatures vanquished.

Vanquished Creatures (others)
  2 demonic plants (Temple)
  2 fungi (D:1)
  3 plants (D:1)
7 creatures vanquished.

Grand Total: 152 creatures vanquished

Notes
Turn   | Place    | Note
-------+----------+-------------------------------------------
     0 | D:1      | pkoi the Draconian Monk began the quest for the Orb.
     0 | D:1      | Reached XP level 1. HP: 19/19 MP: 1/1
   311 | D:1      | Reached XP level 2. HP: 26/26 MP: 2/2
   431 | D:1      | Reached skill level 4 in Unarmed Combat
   446 | D:1      | Found a faded altar of an unknown god.
   520 | D:1      | Reached XP level 3. HP: 31/31 MP: 3/3
  1418 | D:2      | Noticed Terence
  2123 | D:3      | Reached skill level 5 in Unarmed Combat
  2123 | D:3      | Reached XP level 4. HP: 38/38 MP: 4/4
  2420 | D:3      | Found a burning altar of Makhleb.
  2427 | D:3      | Found a glowing silver altar of Zin.
  2427 | D:3      | Noticed an angel
  2428 | D:3      | Noticed a blizzard demon
  2865 | D:4      | Reached XP level 5. HP: 36/45 MP: 3/5
  3151 | D:3      | Reached skill level 6 in Unarmed Combat
  3661 | D:4      | Found the +4 skin of Zhor {*Englaciate rC+++ SInv}
  3696 | D:4      | You fall into a shaft and drop 1 floor!
  3696 | D:5      | Entered Level 5 of the Dungeon
  3709 | D:5      | Reached XP level 6. HP: 46/51 MP: 4/6
  3713 | D:4      | Noticed Robin
  3737 | D:3      | Reached skill level 7 in Unarmed Combat
  3949 | D:4      | Killed Robin
  3966 | D:4      | Reached skill level 8 in Unarmed Combat
  4383 | D:4      | Your scales start taking on a golden yellow colour.
  4383 | D:4      | Reached XP level 7. HP: 57/57 MP: 7/7
  4383 | D:4      | Gained mutation: You are resistant to acid. (rCorr) [Yellow
                  | Draconian growth]
  4527 | D:4      | Identified the +2 leather armour "Ywouk" {Str+2 Dex+4}
  5244 | D:5      | Reached skill level 9 in Unarmed Combat
  5545 | D:6      | Noticed Duvessa
  5545 | D:6      | Noticed Dowan
  5545 | D:6      | Noticed a komodo dragon
  5769 | D:6      | Noticed Edmund
  5801 | D:6      | Killed Edmund
  5802 | D:6      | Reached XP level 8. HP: 25/66 MP: 4/8
  6200 | D:6      | Killed Duvessa
  6201 | D:6      | Reached skill level 5 in Fighting
  6211 | D:6      | Killed Dowan
  6528 | D:6      | Killed a komodo dragon
  6529 | D:6      | Reached skill level 10 in Unarmed Combat
  6743 | D:6      | Found a runed translucent door.
  6756 | D:6      | Found a staircase to the Ecumenical Temple.
  6764 | D:6      | Noticed Prince Ribbit
  6768 | Temple   | Entered the Ecumenical Temple
  6960 | D:6      | HP: 3/70 [orc (2)]
  6961 | D:5      | Succumbed to a kobold brigand's curare-tipped dart

Illustrated notes

Levels and vault maps discovered:
D:1:      ncdulo_halloftheorcs, layout_loops_cross,
          shapermc_ecumenical_altar_mp_ritualfount
D:2:      layout_rooms, uniq_terence
D:3:      layout_basic, grunt_temple_overflow_order_and_chaos_2,
          kennysheep_generic_room_8
D:4:      layout_rooms, uniq_robin
D:5:      layout_basic
D:6:      layout_basic, mainiacjoe_overflow_tiny_flanked,
          minmay_temple_entry_glass, ebering_ghost_reflecting_pool,
          minmay_stone_trees_medium, kennysheep_generic_room_5, uniq_duvessa,
          uniq_edmund, uniq_prince_ribbit1
Temple:   corrupted_temple

Skill      XL: |  1  2  3  4  5  6  7  8 |
---------------+-------------------------+-----
Unarmed Combat | 4 5 6 8 9 10 | 10.4
Dodging        | 3 4 |  4.0
Fighting       | 4 6 |  6.0
Stealth        | |  1.7

Action                   |  1- 3 |  4- 6 |  7- 9 || total
-------------------------+-------+-------+-------++-------
Melee: Unarmed           |   141 |    32 |   150 ||   323
       Tailslap          |    22 |    28 |    18 ||    68
       Punch             |     3 |     6 |    10 ||    19
       Dagger            |     9 |   185 |       ||   194
       Hand axe          |       |       |     2 ||     2
Throw: Dart              |     3 |     6 |     6 ||    15
 Abil: Breathe Acid      |       |       |    20 ||    20
  Use: Potion            |       |     5 |       ||     5
       Scroll            |       |       |     5 ||     5
 Stab: Sleeping          |     3 |       |     1 ||     4
Armor: Skin              |    45 |   126 |    43 ||   214
Dodge: Dodged            |    88 |   148 |   103 ||   339
